AoeStats
← Zadov420

Lombardia

509763513Analyzed
2v2 RM · 5d ago on Sep 27, 2026· 14m 30s· 4 players
Game mode
Random Map
Map size
Medium (4 player)
Population
200
Speed
Normal
Resources
Standard
Victory
Conquest
Starting age
Dark Age
Ending age
Imperial Age
RankedLock teamsTeams togetherTeam positionsShared explorationLock speedFull tech treeHidden civsTurbo modeCheats
Victory
Defeat
🇦🇷 Persians · Argentina
724
+15
🇪🇨 Britons · Ecuador
664
+17
🇺🇸 Italians · United States
695
-16
🇺🇸 Magyars · United States
695
-16
13rian
1:35 Loom
13:08 Feudal Age
15:21 Wheelbarrow
EnticingPrune44
0:30 Loom
Alejo11382
6:58 Loom
11:02 Feudal Age
11:33 Double-Bit Axe
11:34 Horse Collar
12:58 Gold Mining
15:32 Wheelbarrow
Zadov420
11:04 Feudal Age
11:47 Double-Bit Axe
13:14 Horse Collar
Connection lost

Rejoining the realm…

Still unreachable

The connection could not be restored.

Session expired

The server has moved on; the page needs a fresh start.